[Event "Titled Tuesday Blitz February 21 Early 2023"]
[White "Fernandez Garcia, Gumersindo"]
[Black "Tarnowska, Aleksandra"]
[WhiteFideId "24516740"]
[BlackFideId "1180967"]
[WhiteElo "2160"]
[BlackElo "1835"]
[Result "1-0"]
[Round "03"]
[TimeControl "180+2"]
[Date "2023.02.21"]
[WhiteClock "0:01:04"]
[BlackClock "0:00:05"]

1. e4 c5 2. Nf3 e6 3. c3 d5 4. exd5 Qxd5 5. d4 Nf6 6. Be2 Be7 7. O-O O-O 8. c4 Qd6 9. Nc3 cxd4 10. Nb5 Qb6 11. Qxd4 Bc5 12. Qh4 a6 13. Nc3 Nbd7 14. Na4 Qc6 15. Nxc5 Qxc5 16. Be3 Qc7 17. Rfd1 b6 18. b4 Bb7 19. Rac1 Rac8 20. Ng5 Ne5 21. c5 Ng6 22. Qh3 bxc5 23. Rxc5 Qb8 24. Bd4 Rxc5 25. bxc5 h6 26. Bxf6 hxg5 27. Bxg5 Qe5 28. Be3 Rc8 29. Bf3 Bxf3 30. Qxf3 Nh4 31. Qb7 Rf8 32. c6 Nf5 33. c7 Nxe3 34. fxe3 Qxe3+ 35. Kh1 Qe2 36. Rc1 Qe3 37. c8=Q Rxc8 38. Qxc8+ Kh7 39. Qc2+ g6 40. Rf1 Kg7 41. Qc7 1-0


[Site "https://www.chess.com"]

[Event "Titled Tuesday Blitz February 21 Early 2023"]
[White "Kiseljova, Marya"]
[Black "Iljin, Timofey"]
[WhiteFideId "4155009"]
[BlackFideId "14110180"]
[WhiteElo "2031"]
[BlackElo "2329"]
[Result "0-1"]
[Round "03"]
[TimeControl "180+2"]
[Date "2023.02.21"]
[WhiteClock "0:00:34"]
[BlackClock "0:00:27"]

1. d4 d5 2. c4 e6 3. Nf3 Nf6 4. g3 Bb4+ 5. Nbd2 dxc4 6. Bg2 O-O 7. O-O Nc6 8. Nxc4 Rb8 9. a3 Bd6 10. b4 b5 11. Ncd2 Bb7 12. Bb2 Ne7 13. Qc2 Nfd5 14. e4 Nxb4 15. axb4 Bxb4 16. Rxa7 Qd6 17. Rc1 Rfc8 18. Nb3 Qb6 19. Ra2 Nc6 20. Nc5 Ra8 21. Nd7 Rxa2 22. Nxb6 cxb6 23. Qb3 Ra4 24. d5 Na5 25. Rxc8+ Bxc8 26. Qc2 Bb7 27. Qc7 exd5 28. Qd8+ Bf8 29. Nh4 Nc4 30. Nf5 Ra8 31. Qxb6 Nxb6 32. exd5 Bxd5 33. Bxd5 Nxd5 34. Kg2 Ra2 35. Bd4 b4 36. Ne3 b3 37. Nc4 Ra4 38. Ne5 Rxd4 0-1


[Site "https://www.chess.com"]

[Event "Titled Tuesday Blitz February 21 Early 2023"]
[White "Winkels, Marcel"]
[Black "Spitzl, Vinzent"]
[WhiteFideId "1003887"]
[BlackFideId "12901253"]
[WhiteElo "1960"]
[BlackElo "2365"]
[Result "0-1"]
[Round "03"]
[TimeControl "180+2"]
[Date "2023.02.21"]
[WhiteClock "0:01:02"]
[BlackClock "0:01:32"]

1. e4 c6 2. d4 d5 3. exd5 cxd5 4. Nf3 Nc6 5. Bb5 Nf6 6. Ne5 Bd7 7. Nxd7 Qxd7 8. O-O e6 9. c3 Bd6 10. Nd2 O-O 11. Nf3 a6 12. Ba4 b5 13. Bc2 b4 14. Bg5 Ne4 15. Qd3 bxc3 16. bxc3 Na5 17. Be3 Rfc8 18. Bd2 Nc4 19. Rfd1 Ncxd2 20. Nxd2 Rxc3 21. Nxe4 Rxd3 22. Bxd3 dxe4 23. Bxe4 Rb8 24. Rab1 Rxb1 25. Rxb1 g6 26. g3 Kg7 27. Rb7 Qa4 28. Kg2 Qxd4 29. Bc2 Qd5+ 0-1


[Site "https://www.chess.com"]

[Event "Titled Tuesday Blitz February 21 Early 2023"]
[White "Larina, Maria"]
[Black "Carrasco Miranda, Andres"]
[WhiteFideId "24113182"]
[BlackFideId "3405990"]
[WhiteElo "1948"]
[BlackElo "2240"]
[Result "0-1"]
[Round "03"]
[TimeControl "180+2"]
[Date "2023.02.21"]
[WhiteClock "0:00:10"]
[BlackClock "0:00:35"]

1. e4 c5 2. Nc3 d6 3. d4 cxd4 4. Qxd4 Nc6 5. Qd2 e6 6. b3 Nf6 7. Bb2 Be7 8. O-O-O a6 9. f3 Qc7 10. g4 h5 11. g5 Nd7 12. h4 Nde5 13. f4 Ng4 14. Nf3 b5 15. f5 Bd7 16. g6 fxg6 17. fxe6 Bxe6 18. Nd5 Bxd5 19. exd5 Na5 20. Bxg7 O-O-O 21. Bxh8 Rxh8 22. Nd4 Bf6 23. Ne6 Qa7 24. Bh3 Nb7 25. Rhf1 Be5 26. Rf7 Qb6 27. Rdf1 Kb8 28. Rf8+ Rxf8 29. Rxf8+ Ka7 30. Rf7 Qg1+ 31. Rf1 Qg3 32. Bxg4 hxg4 33. Kb1 Qxh4 34. Qf2+ Qxf2 35. Rxf2 g3 36. Rg2 Kb6 37. Ng5 Nc5 38. Ne4 Nxe4 39. Re2 Nc3+ 0-1


[Site "https://www.chess.com"]

[Event "Titled Tuesday Blitz February 21 Early 2023"]
[White "kiwibobo"]
[Black "Chos, Alexey"]
[BlackFideId "14117762"]
[WhiteElo "2140"]
[BlackElo "2296"]
[Result "0-1"]
[Round "03"]
[TimeControl "180+2"]
[Date "2023.02.21"]
[WhiteClock "0:02:41"]
[BlackClock "0:02:36"]

1. e4 c6 2. d4 d5 3. Nc3 dxe4 4. Nxe4 Nf6 5. Nxf6+ exf6 6. c3 Bd6 7. Bd3 O-O 8. Qc2 g6 9. Ne2 Qc7 10. h4 Re8 11. h5 f5 12. hxg6 fxg6 13. Bh6 Nd7 14. Qb3+ Kh8 15. Qf7 Rg8 16. Qxh7+ Kxh7 17. Bf8+ Bh2 18. g3 Rxf8 19. Rxh2+ 0-1


[Site "https://www.chess.com"]

[Event "Titled Tuesday Blitz February 21 Early 2023"]
[White "Begunov, Konstantin"]
[Black "Seifert, Henryk"]
[WhiteFideId "4118510"]
[BlackFideId "1100963"]
[WhiteElo "2325"]
[BlackElo "2106"]
[Result "1-0"]
[Round "03"]
[TimeControl "180+2"]
[Date "2023.02.21"]
[WhiteClock "0:00:31"]
[BlackClock "0:00:08"]

1. d4 d5 2. c4 c6 3. Nc3 Nf6 4. Nf3 a6 5. cxd5 cxd5 6. Bf4 Nc6 7. e3 Bg4 8. h3 Bxf3 9. Qxf3 e6 10. Bd3 Bd6 11. Bg5 Be7 12. O-O h6 13. Bf4 Bd6 14. Rfc1 Bxf4 15. Qxf4 O-O 16. Na4 Rc8 17. Nc5 Qc7 18. Qf3 Nd7 19. a3 Nxc5 20. Rxc5 Qb8 21. Rac1 Ne7 22. b4 b6 23. R5c2 Rxc2 24. Rxc2 Rc8 25. Qd1 Rxc2 26. Qxc2 b5 27. Qc5 Qb7 28. Bc2 g6 29. a4 Kg7 30. axb5 axb5 31. Bd3 Nc6 32. Bxb5 Na7 33. Bd3 Nc6 34. b5 Na5 35. b6 h5 36. Qxa5 1-0


[Site "https://www.chess.com"]

[Event "Titled Tuesday Blitz February 21 Early 2023"]
[White "Avazkhonov, Alikhon"]
[Black "Ricaurte Lopez, Juan Carlos"]
[WhiteFideId "14208504"]
[BlackFideId "3600327"]
[WhiteElo "1538"]
[BlackElo "2226"]
[Result "1-0"]
[Round "03"]
[TimeControl "180+2"]
[Date "2023.02.21"]
[WhiteClock "0:00:02"]
[BlackClock "0:00:06"]

1. d4 d5 2. c4 e5 3. dxe5 d4 4. Nf3 Nc6 5. Bf4 Bg4 6. Nbd2 Qd7 7. h3 Bh5 8. g3 O-O-O 9. Bg2 h6 10. g4 Bg6 11. Nh4 Bh7 12. Bg3 Nge7 13. Ne4 Ng6 14. Nxg6 Bb4+ 15. Nd2 Bxg6 16. O-O h5 17. g5 h4 18. Bh2 d3 19. e4 Nd4 20. Kh1 Qe7 21. f4 Bh5 22. Qa4 Bxd2 23. Qxa7 c6 24. f5 Ne2 25. e6 Ng3+ 26. Bxg3 hxg3 27. e5 Qc7 28. e7 Rde8 29. f6 gxf6 30. exf6 Be2 31. Rf5 Qb8 32. Qd4 1-0


[Site "https://www.chess.com"]

[Event "Titled Tuesday Blitz February 21 Early 2023"]
[White "Buganca, Luiz Henrique Da Silva"]
[Black "Gurevich, Ilya"]
[WhiteFideId "2182289"]
[BlackFideId "2000628"]
[WhiteElo "1920"]
[BlackElo "2586"]
[Result "0-1"]
[Round "03"]
[TimeControl "180+2"]
[Date "2023.02.21"]
[WhiteClock "0:00:05"]
[BlackClock "0:00:42"]

1. e4 c5 2. Nf3 e6 3. d4 cxd4 4. Nxd4 Nf6 5. Bd3 Nc6 6. Ne2 d5 7. exd5 exd5 8. O-O Bd6 9. h3 O-O 10. Nbc3 Be6 11. Nb5 Bc5 12. c3 Ne5 13. Bc2 Qd7 14. Nbd4 Bxh3 15. gxh3 Qxh3 16. Nf4 Qh4 17. Ng2 Qh3 18. Bf5 Nfg4 19. Bxg4 Nxg4 20. Bf4 Rae8 21. Qf3 Qh5 22. Rfe1 Re6 23. Qg3 Rf6 24. f3 Nh6 25. Qg5 Qh3 26. Bg3 Rg6 27. Qh4 Qxg3 28. Qxg3 Rxg3 29. Kf2 Rg6 30. b4 Bb6 31. a4 Nf5 32. a5 Bxd4+ 33. cxd4 Nxd4 34. Ne3 Rf6 35. Nxd5 Rxf3+ 36. Kg2 Rb3 37. Rad1 Nf5 38. Re5 g6 39. Rxf5 gxf5 40. Ne7+ Kg7 41. Nxf5+ Kf6 42. Nd4 Rg8+ 43. Kf2 Rb2+ 44. Ke3 Re8+ 45. Kf4 Rd8 46. Rf1 Rxb4 47. Ke3+ Kg6 48. Nf3 Rb3+ 49. Kf2 Rb2+ 0-1


[Site "https://www.chess.com"]

[Event "Titled Tuesday Blitz February 21 Early 2023"]
[White "Von Buelow, Georg"]
[Black "Melikhov, Evgeny V."]
[WhiteFideId "4620658"]
[BlackFideId "4122046"]
[WhiteElo "2345"]
[BlackElo "2269"]
[Result "1-0"]
[Round "03"]
[TimeControl "180+2"]
[Date "2023.02.21"]
[WhiteClock "0:00:13"]
[BlackClock "0:00:06"]

1. e4 c5 2. Nf3 d6 3. d4 cxd4 4. Nxd4 Nf6 5. Nc3 a6 6. f4 e5 7. Nf3 exf4 8. Bxf4 Nc6 9. Qd2 Bg4 10. O-O-O Ne5 11. Be2 Qc7 12. Bg5 Ned7 13. Nd4 Bxe2 14. Qxe2 h6 15. Bh4 Rc8 16. Kb1 Qc4 17. Qf3 Ne5 18. Qh3 Be7 19. Bxf6 Bxf6 20. Nd5 Nd7 21. Nxf6+ Nxf6 22. Rhe1 O-O 23. c3 Rfe8 24. Qf3 Re5 25. Nf5 Ne8 26. Rd4 Qe6 27. Qg3 Rc4 28. Rxd6 Qc8 29. Qxe5 f6 30. Qe7 Nxd6 31. Qxg7# 1-0


[Site "https://www.chess.com"]

[Event "Titled Tuesday Blitz February 21 Early 2023"]
[White "Mitrovic, Darko R"]
[Black "Shubin, Daniel"]
[WhiteFideId "927023"]
[BlackFideId "30936470"]
[WhiteElo "2220"]
[BlackElo "2231"]
[Result "0-1"]
[Round "03"]
[TimeControl "180+2"]
[Date "2023.02.21"]
[WhiteClock "0:00:02"]
[BlackClock "0:01:09"]

1. d4 d5 2. Nf3 Nf6 3. g3 e6 4. Bg2 Be7 5. O-O O-O 6. c4 c6 7. Nbd2 b6 8. Qc2 Bb7 9. e4 Na6 10. a3 c5 11. cxd5 exd5 12. e5 Ne4 13. h4 Rc8 14. Qd1 Nc7 15. Ng5 Bxg5 16. hxg5 cxd4 17. Nf3 Ne6 18. Nxd4 N4xg5 19. f4 Nxd4 20. Qxd4 Ne4 21. f5 Nxg3 22. Qg4 Nxf1 23. f6 g6 24. Qg5 Ng3 25. Bf4 Nf5 26. Bh3 h6 27. Qg2 Qd7 28. Kf2 Rc2+ 0-1


[Site "https://www.chess.com"]

[Event "Titled Tuesday Blitz February 21 Early 2023"]
[White "Jaivardhan Raj"]
[Black "Martin Barcelo, Carles"]
[WhiteFideId "25744437"]
[BlackFideId "24561444"]
[WhiteElo "1901"]
[BlackElo "2221"]
[Result "0-1"]
[Round "03"]
[TimeControl "180+2"]
[Date "2023.02.21"]
[WhiteClock "0:00:13"]
[BlackClock "0:00:07"]

1. e4 e6 2. d4 d5 3. Nd2 c5 4. exd5 exd5 5. Bb5+ Nc6 6. Qe2+ Be6 7. dxc5 Bxc5 8. Nb3 Bb6 9. Nf3 Ne7 10. Nbd4 Qd6 11. O-O O-O 12. Nxe6 fxe6 13. Re1 e5 14. Be3 e4 15. Ng5 d4 16. Nxe4 Qg6 17. Bd2 Nf5 18. Bc4+ Kh8 19. Ng5 h6 20. Ne6 Nh4 21. Qe4 Nf3+ 22. Kh1 Qxe4 23. Rxe4 Nxd2 24. Nxf8 Rxf8 25. f3 Nxe4 26. fxe4 Ne5 27. Bd5 Ng4 28. g3 Rf2 29. c3 dxc3 30. bxc3 Rxh2# 0-1


[Site "https://www.chess.com"]

[Event "Titled Tuesday Blitz February 21 Early 2023"]
[White "Krzywda, Andrzej"]
[Black "Jesusesmifuerza"]
[WhiteFideId "1114565"]
[WhiteElo "2223"]
[BlackElo "2002"]
[Result "1-0"]
[Round "03"]
[TimeControl "180+2"]
[Date "2023.02.21"]
[WhiteClock "0:02:14"]
[BlackClock "0:02:08"]

1. Nf3 d5 2. g3 e6 3. Bg2 Nf6 4. c4 Be7 5. d4 O-O 6. O-O dxc4 7. Ne5 Nbd7 8. Nxc4 c5 9. Nc3 a6 10. dxc5 Nxc5 11. Qxd8 Rxd8 12. Nb6 Rb8 13. Be3 Nfd7 14. Nc4 b5 15. Na5 Nb7 16. Nc6 Ra8 17. Nxe7+ 1-0


[Site "https://www.chess.com"]

[Event "Titled Tuesday Blitz February 21 Early 2023"]
[White "Lucassen, Mickey"]
[Black "Dias, Joao Batista"]
[WhiteFideId "12919110"]
[BlackFideId "2108240"]
[WhiteElo "2023"]
[BlackElo "1796"]
[Result "1-0"]
[Round "03"]
[TimeControl "180+2"]
[Date "2023.02.21"]
[WhiteClock "0:02:35"]
[BlackClock "0:01:49"]

1. d4 d5 2. Nc3 Nf6 3. Bf4 e6 4. Nb5 Na6 5. e3 Bd6 6. Nxd6+ cxd6 7. Bxa6 bxa6 8. Nf3 O-O 9. O-O Re8 10. c3 e5 11. dxe5 dxe5 12. Bxe5 Bg4 13. Bg3 Ne4 14. Qd4 Qd7 15. Ne5 Qe6 16. Nxg4 Qxg4 17. f3 Nxg3 18. Qxg4 Ne2+ 1-0


[Site "https://www.chess.com"]

[Event "Titled Tuesday Blitz February 21 Early 2023"]
[White "Better_Chess_Faster"]
[Black "I_KID_you_not"]
[WhiteElo "1968"]
[BlackElo "2364"]
[Result "0-1"]
[Round "03"]
[TimeControl "180+2"]
[Date "2023.02.21"]
[WhiteClock "0:02:33"]
[BlackClock "0:02:43"]

1. c4 c5 2. g3 g6 3. Bg2 Bg7 4. Nc3 Nc6 5. Nf3 d6 6. O-O e5 7. a3 a5 8. d3 Nge7 9. Ne1 Be6 10. Nc2 d5 11. cxd5 Nxd5 12. Ne3 Nb6 13. Na4 Nxa4 14. Qxa4 O-O 15. Bd2 Nd4 16. Rfe1 Bb3 0-1


[Site "https://www.chess.com"]

[Event "Titled Tuesday Blitz February 21 Early 2023"]
[White "Matveeva, Olga"]
[Black "Desideri, Ricardo Maruchi"]
[WhiteFideId "24107018"]
[BlackFideId "2110440"]
[WhiteElo "2128"]
[BlackElo "1959"]
[Result "1-0"]
[Round "03"]
[TimeControl "180+2"]
[Date "2023.02.21"]
[WhiteClock "0:00:05"]
[BlackClock "0:00:01"]

1. d4 Nf6 2. c4 c5 3. d5 e6 4. Nc3 exd5 5. cxd5 d6 6. e4 g6 7. h3 Bg7 8. Nf3 O-O 9. Bd3 Re8 10. O-O b5 11. Nxb5 Nxe4 12. Re1 f5 13. Bf4 a6 14. Bxe4 axb5 15. Bd3 c4 16. Bc2 Bxb2 17. Rxe8+ Qxe8 18. Bxd6 Bxa1 19. Qxa1 Nd7 20. Ng5 h6 21. Ne6 Qf7 22. Nc7 Ra7 23. Nxb5 Ra6 24. a4 Qxd5 25. Ba3 Bb7 26. f3 Nc5 27. Nc7 Qc6 28. Nxa6 Nxa6 29. Qd4 Nc7 30. Bb2 Ne8 31. Qh8+ Kf7 32. Qh7+ Ke6 33. Qg8+ Kd7 34. Qf7+ Kc8 35. Qf8 Kb8 36. Be5+ Ka7 37. a5 Ka6 38. Qb4 Nc7 39. Bd4 Nb5 40. Bf2 c3 41. Ba4 Qd5 42. Bxb5+ Qxb5 43. Qd6+ 1-0


[Site "https://www.chess.com"]

[Event "Titled Tuesday Blitz February 21 Early 2023"]
[White "Novikova, Galina"]
[Black "Wickramasinghe, Minethma Lasandi"]
[WhiteFideId "4157095"]
[BlackFideId "9966170"]
[WhiteElo "2073"]
[BlackElo "1483"]
[Result "1-0"]
[Round "03"]
[TimeControl "180+2"]
[Date "2023.02.21"]
[WhiteClock "0:00:33"]
[BlackClock "0:00:01"]

1. d4 Nf6 2. Nc3 d5 3. Bf4 e6 4. Nb5 Na6 5. Nf3 c6 6. Nc3 Bd6 7. e3 Bxf4 8. exf4 O-O 9. Bd3 c5 10. O-O c4 11. Be2 Bd7 12. Ne5 b5 13. Bf3 b4 14. Ne2 Rb8 15. g4 Ne4 16. Bxe4 dxe4 17. Nxc4 Qh4 18. Ng3 Bb5 19. b3 Rbc8 20. Qe2 Qf6 21. Qxe4 Bxc4 22. bxc4 Rxc4 23. Rad1 Rd8 24. g5 Qg6 25. Qxg6 hxg6 26. Ne2 Rxc2 27. Rfe1 Rxa2 28. Rb1 Rb8 29. Rb3 Nc7 30. Kf1 Nd5 31. Reb1 a5 32. Nc1 Rc2 33. Nd3 Nc3 34. Ra1 a4 35. Rxb4 Rxb4 36. Nxb4 Rb2 37. Nc6 Nb5 38. Rxa4 Rb1+ 39. Kg2 Nc3 40. Ra8+ Kh7 41. Ne5 f6 42. Nf7 fxg5 43. Rh8# 1-0


[Site "https://www.chess.com"]

[Event "Titled Tuesday Blitz February 21 Early 2023"]
[White "Castillo Pena, Patricia Evarista"]
[Black "Petrova, Irina"]
[WhiteFideId "6412106"]
[BlackFideId "14124122"]
[WhiteElo "1783"]
[BlackElo "2108"]
[Result "0-1"]
[Round "03"]
[TimeControl "180+2"]
[Date "2023.02.21"]
[WhiteClock "0:00:05"]
[BlackClock "0:01:06"]

1. d4 d6 2. e4 Nf6 3. Nc3 e5 4. dxe5 dxe5 5. Qxd8+ Kxd8 6. Bc4 Ke8 7. Nf3 Bd6 8. Be3 a6 9. O-O-O b5 10. Bb3 Bb7 11. a3 Nbd7 12. Ng5 Rf8 13. f3 Ke7 14. Nd5+ Nxd5 15. Bxd5 Bxd5 16. Rxd5 f6 17. Nh3 Rfb8 18. f4 a5 19. fxe5 Nxe5 20. Bc5 b4 21. a4 b3 22. Rhd1 bxc2 23. Kxc2 Ra6 24. Nf4 Rc6 25. Kb1 Rxc5 26. Rxc5 Bxc5 27. Nd5+ Kf7 28. Nxc7 Nc4 29. Nb5 Be7 30. g3 Rd8 31. Rc1 Nd2+ 32. Ka2 Nxe4 33. Rc7 Nc5 34. Ra7 Nxa4 35. Rxa5 Nb6 36. Ra7 Ra8 0-1


[Site "https://www.chess.com"]

[Event "Titled Tuesday Blitz February 21 Early 2023"]
[White "Lorenzo De La Riva, Lazaro"]
[Black "SulfatoFerroso"]
[WhiteFideId "2268809"]
[WhiteElo "2404"]
[BlackElo "1776"]
[Result "1-0"]
[Round "03"]
[TimeControl "180+2"]
[Date "2023.02.21"]
[WhiteClock "0:00:41"]
[BlackClock "0:00:01"]

1. d4 d5 2. Nc3 Nf6 3. Bf4 c5 4. e3 Bf5 5. dxc5 Nc6 6. Bb5 e6 7. b4 Be7 8. Nf3 O-O 9. Bxc6 bxc6 10. Nd4 a5 11. Nxc6 Qd7 12. Nxe7+ Qxe7 13. Bd6 Qd7 14. a3 Rfc8 15. O-O Ra6 16. Qd2 axb4 17. axb4 Rxd6 18. cxd6 Qxd6 19. Nb5 Qb8 20. Nd4 Ng4 21. f4 Be4 22. b5 h5 23. Rfb1 Qd6 24. b6 Qe7 25. b7 Rb8 26. h3 Qh4 27. Ra8 Qg3 28. Rxb8+ Kh7 29. Rh8+ Kxh8 30. b8=Q+ Kh7 31. f5 Qh2+ 32. Qxh2 1-0


[Site "https://www.chess.com"]

[Event "Titled Tuesday Blitz February 21 Early 2023"]
[White "Grigoriants, Sergey"]
[Black "Nakamura, Hikaru"]
[WhiteFideId "4130804"]
[BlackFideId "2016192"]
[WhiteElo "2562"]
[BlackElo "2775"]
[Result "0-1"]
[Round "04"]
[TimeControl "180+2"]
[Date "2023.02.21"]
[WhiteClock "0:00:05"]
[BlackClock "0:00:31"]

1. d4 d6 2. e4 f5 3. exf5 Bxf5 4. Bd3 Qd7 5. Nf3 Nc6 6. O-O Nf6 7. Re1 O-O-O 8. Nc3 e5 9. d5 Nb4 10. Bxf5 Qxf5 11. Re2 e4 12. Ng5 Nbxd5 13. Nxd5 Nxd5 14. Nxe4 Be7 15. Qd3 Rhf8 16. Bd2 Nb6 17. Rae1 h6 18. b3 Rf7 19. Ng3 Qxd3 20. cxd3 Kd7 21. f4 Bh4 22. Rf1 Nd5 23. Ne4 Rdf8 24. g3 Bd8 25. Ref2 c6 26. Kg2 Ne7 27. Bc3 Bb6 28. Re2 Nf5 29. Rfe1 d5 30. Nf2 Bxf2 31. Rxf2 g5 32. Bd2 g4 33. Bc3 Re8 34. Rxe8 Kxe8 35. Re2+ Re7 36. Be5 h5 37. h3 Kd7 38. hxg4 hxg4 39. Re1 Rh7 40. Rg1 Rh3 41. Kf2 c5 42. a4 b6 43. Rg2 d4 44. Rg1 Ne3 45. Bb8 Rh2+ 0-1


[Site "https://www.chess.com"]

[Event "Titled Tuesday Blitz February 21 Early 2023"]
[White "Bernadskiy, Vitaliy"]
[Black "Andreikin, Dmitry"]
[WhiteFideId "14100371"]
[BlackFideId "4158814"]
[WhiteElo "2592"]
[BlackElo "2729"]
[Result "0-1"]
[Round "04"]
[TimeControl "180+2"]
[Date "2023.02.21"]
[WhiteClock "0:00:03"]
[BlackClock "0:00:13"]

1. e4 c5 2. Nf3 e6 3. Nc3 a6 4. g3 Nc6 5. Bg2 d6 6. d4 cxd4 7. Nxd4 Bd7 8. Nxc6 Bxc6 9. O-O Nf6 10. Re1 Be7 11. e5 dxe5 12. Bxc6+ bxc6 13. Qxd8+ Rxd8 14. Rxe5 Nd5 15. Nxd5 cxd5 16. c3 Rb8 17. Re2 Kd7 18. Bf4 Rb7 19. Rd1 Rc8 20. h4 h5 21. Kg2 g6 22. Be5 a5 23. b3 a4 24. c4 axb3 25. axb3 Rc5 26. Bd4 Ra5 27. Bc3 Bb4 28. Bxb4 Rxb4 29. Re5 Kd6 30. Re3 Ra3 31. Rdd3 Ra5 32. Kf3 Rc5 33. Ke2 Ra5 34. Kd2 Rb8 35. Ke2 Ra2+ 36. Kf3 Rb2 37. cxd5 exd5 38. Kg2 Rb4 39. Rf3 f5 40. Rfe3 Re4 41. Rf3 d4 42. Rd1 Kd5 43. Rfd3 Ke5 44. Kf3 Ree2 45. Rxd4 Rxf2+ 46. Ke3 Rfe2+ 47. Kf3 Rf2+ 48. Ke3 Rbe2+ 49. Kd3 Re4 50. Rxe4+ fxe4+ 51. Kc4 Rc2+ 52. Kb4 e3 53. Rd8 e2 54. Re8+ Kd4 55. Ka5 Kd3 56. b4 Rc1 57. b5 e1=Q+ 0-1


[Site "https://www.chess.com"]

[Event "Titled Tuesday Blitz February 21 Early 2023"]
[White "Ivic, Velimir"]
[Black "Dubov, Daniil"]
[WhiteFideId "950122"]
[BlackFideId "24126055"]
[WhiteElo "2595"]
[BlackElo "2708"]
[Result "1/2-1/2"]
[Round "04"]
[TimeControl "180+2"]
[Date "2023.02.21"]
[WhiteClock "0:00:14"]
[BlackClock "0:00:09"]

1. e4 c5 2. Nf3 Nc6 3. Bb5 e5 4. O-O Nge7 5. c3 g6 6. d4 exd4 7. cxd4 cxd4 8. Nxd4 Bg7 9. Ne2 d5 10. exd5 Qxd5 11. Nbc3 Qxd1 12. Rxd1 O-O 13. h3 a6 14. Bc4 Na5 15. Bd3 Bf5 16. Bg5 Bxd3 17. Rxd3 Nec6 18. Rad1 h6 19. Bf4 Ne5 20. Rd5 Nac6 21. Kf1 Rfd8 22. Rxd8+ Rxd8 23. Rxd8+ Nxd8 24. b3 Ne6 25. Be3 Nc6 26. Nd5 f5 27. Ke1 Kf7 28. Kd2 Ne7 29. Nxe7 Kxe7 30. Kd3 Kd6 31. Nf4 Nxf4+ 32. Bxf4+ Kd5 33. f3 h5 34. g4 hxg4 35. hxg4 fxg4 36. fxg4 Bd4 37. a4 Bf6 38. Bg3 Kc5 39. Be1 Kd5 40. Bg3 Bd4 41. Bf4 Bc5 42. Bg3 Be7 43. Bf4 Kc5 44. Bd2 Kd5 45. Bf4 Bb4 46. Bg3 Bc5 47. Bf4 Bf2 48. Bh2 Kc5 49. Bf4 Kb4 50. Kc2 Bd4 51. Bd2+ Kc5 52. Kd3 Kd5 53. Bf4 1/2-1/2


[Site "https://www.chess.com"]

[Event "Titled Tuesday Blitz February 21 Early 2023"]
[White "Sarana, Alexey"]
[Black "Vakhlamov, Igor L."]
[WhiteFideId "24133795"]
[BlackFideId "24126748"]
[WhiteElo "2685"]
[BlackElo "2413"]
[Result "1-0"]
[Round "04"]
[TimeControl "180+2"]
[Date "2023.02.21"]
[WhiteClock "0:01:14"]
[BlackClock "0:00:02"]

1. d4 d5 2. c4 e6 3. Nc3 c5 4. dxc5 d4 5. Na4 Bxc5 6. Nxc5 Qa5+ 7. Bd2 Qxc5 8. Nf3 Nc6 9. e3 dxe3 10. Bxe3 Qa5+ 11. Qd2 Qxd2+ 12. Nxd2 Nf6 13. a3 Ng4 14. Bg5 f6 15. Bh4 b6 16. Rc1 Bb7 17. Be2 h5 18. Rc3 O-O-O 19. f3 Nge5 20. Nb3 Ng6 21. Bf2 Nf4 22. g3 Nxe2 23. Kxe2 Kb8 24. Rhc1 Ne5 25. c5 Ba6+ 26. Ke3 Rd3+ 27. Rxd3 Nxd3 28. Rc3 Nxb2 29. Rc2 Nc4+ 30. Kd4 Rd8+ 31. Kc3 Nxa3 32. Ra2 Rd3+ 33. Kb4 Rxf3 34. Nd4 bxc5+ 35. Kxc5 Rc3+ 36. Kb4 Nb1 37. Rxa6 Rc1 38. Rxe6 Rf1 39. Be3 Re1 40. Bf4+ 1-0


[Site "https://www.chess.com"]

[Event "Titled Tuesday Blitz February 21 Early 2023"]
[White "Fedoseev, Vladimir"]
[Black "Boros, Denes"]
[WhiteFideId "24130737"]
[BlackFideId "722340"]
[WhiteElo "2680"]
[BlackElo "2406"]
[Result "1-0"]
[Round "04"]
[TimeControl "180+2"]
[Date "2023.02.21"]
[WhiteClock "0:00:19"]
[BlackClock "0:00:02"]

1. e4 e5 2. Nf3 Nc6 3. Bb5 a6 4. Ba4 Nge7 5. O-O Ng6 6. d4 exd4 7. Nxd4 Bc5 8. Nf5 O-O 9. Be3 Bxe3 10. Nxe3 b5 11. Bb3 Na5 12. Nc3 Bb7 13. Qd4 Nc6 14. Qd2 Na5 15. Rad1 Nxb3 16. axb3 d6 17. Qd4 Re8 18. f4 f6 19. b4 Kh8 20. g3 Qd7 21. Rfe1 Qh3 22. Qd3 c5 23. Qxd6 cxb4 24. Qxb4 Rac8 25. Ncd5 h5 26. Rd2 Bxd5 27. Rxd5 Rc7 28. Qd4 Rce7 29. Nf5 Re6 30. Rd7 h4 31. Qd3 Rg8 32. Qf3 hxg3 33. hxg3 Rc8 34. Re2 Nf8 35. Rxg7 Rd8 36. Rh2 Rd1+ 37. Qxd1 1-0


[Site "https://www.chess.com"]

[Event "Titled Tuesday Blitz February 21 Early 2023"]
[White "Erigaisi Arjun"]
[Black "Movahed, Sina"]
[WhiteFideId "35009192"]
[BlackFideId "42520835"]
[WhiteElo "2701"]
[BlackElo "2340"]
[Result "0-1"]
[Round "04"]
[TimeControl "180+2"]
[Date "2023.02.21"]
[WhiteClock "0:00:17"]
[BlackClock "0:00:32"]

1. c4 Nf6 2. Nc3 g6 3. e4 d6 4. d4 Bg7 5. Be2 O-O 6. Bg5 Na6 7. Qd2 e5 8. d5 Nc5 9. f3 h6 10. Be3 Nh5 11. b4 Nd7 12. O-O-O a5 13. a3 axb4 14. axb4 f5 15. Bxh6 Bf6 16. Nh3 Rf7 17. Ng5 Bxg5 18. Bxg5 Qf8 19. Kb2 Nf4 20. Ra1 Rxa1 21. Rxa1 Nb6 22. Bf1 fxe4 23. Nxe4 Bf5 24. Ng3 Kh7 25. Nxf5 Rxf5 26. h4 Qg7 27. Qc3 Nfxd5 28. cxd5 Nxd5 29. Qa3 e4+ 30. Kc2 Nxb4+ 31. Kd1 Rd5+ 32. Bd2 e3 0-1


[Site "https://www.chess.com"]

[Event "Titled Tuesday Blitz February 21 Early 2023"]
[White "Lazavik, Denis"]
[Black "Boruchovsky, Avital"]
[WhiteFideId "13515110"]
[BlackFideId "2800055"]
[WhiteElo "2544"]
[BlackElo "2539"]
[Result "1/2-1/2"]
[Round "04"]
[TimeControl "180+2"]
[Date "2023.02.21"]
[WhiteClock "0:00:04"]
[BlackClock "0:00:05"]

1. d4 d5 2. c4 e6 3. Nf3 Nf6 4. g3 Nbd7 5. Bg2 dxc4 6. O-O c6 7. a4 b6 8. Nfd2 Ba6 9. Bxc6 Rc8 10. Bg2 Nb8 11. Nf3 Nc6 12. Nc3 Bb4 13. Nb5 O-O 14. Ne5 Bxb5 15. axb5 Nxd4 16. Rxa7 Nxb5 17. Qxd8 Rfxd8 18. Rb7 Bc5 19. Nxf7 Rf8 20. Ng5 Nd4 21. e3 Ne2+ 22. Kh1 Ng4 23. Bf3 Nxf2+ 24. Rxf2 Nxc1 25. Nxe6 Bxe3 26. Rf1 Rf6 27. Rxg7+ Kh8 28. Re7 Nd3 29. Kg2 Nc5 30. Bg4 Rxf1 31. Kxf1 Nxe6 32. Bxe6 Rf8+ 33. Kg2 Bc5 34. Rb7 Rf2+ 35. Kh3 Rxb2 36. Bxc4 Bg1 37. Kg4 Rxh2 38. Bd3 Kg8 39. Bc4+ Kf8 40. Bd3 h6 41. Kf5 Bc5 42. Ke6 Rd2 43. Rd7 Bb4 44. Kf6 Bc3+ 45. Kg6 Ke8 46. Rd5 Ke7 47. Kxh6 b5 48. Kg6 b4 49. Kf5 b3 50. Ke4 b2 51. Rb5 Rd1 52. g4 Bf6 53. g5 Bxg5 54. Rxb2 Bf6 55. Rb7+ Kd6 56. Rb6+ Ke7 57. Ra6 Re1+ 58. Kd5 Re5+ 59. Kc4 Rg5 60. Be4 Re5 61. Bd5 Re1 62. Kc5 Rc1+ 63. Bc4 Bg5 64. Re6+ Kd7 65. Re4 Be7+ 66. Kb5 Rb1+ 67. Ka6 Ra1+ 68. Kb5 Rb1+ 69. Ka6 Ra1+ 70. Kb5 Rb1+ 1/2-1/2


[Site "https://www.chess.com"]